 Dungeon Sprint DCSS version 0.17-a0-1650-gce8475a (webtiles) character file.

3614 Parakulo the Brawler (level 9, -2/102 HPs)
             Began as a Troll Monk on Aug 13, 2015.
             Was the Champion of Jiyva.
             Slain by Agnes
             ... wielding a +0 lajatang of speed
              (17 damage)
             ... in the Dungeon (Sprint IV: "Fedhas' Mad Dash").
             The game lasted 00:11:37 (1358 turns).

Parakulo the Brawler (Troll Monk)                   Turns: 1358, Time: 00:11:37

Health: -2/102     AC:  6    Str: 21    XL:     9   Next: 86%
Magic:  10/11      EV: 10    Int:  6    God:    Jiyva [******]
Gold:   30         SH:  0    Dex: 15    Spells: 0 memorised, 8 levels left

rFire  . . .     SeeInvis .       - Unarmed
rCold  . . .     Clarity  +     d - +1 robe {rN+}
rNeg   + . .     SustAt   .     (no shield)
rPois  .         Gourm    +     (helmet restricted)
rElec  .         Spirit   .     (no cloak)
rCorr  +         Warding  .     (gloves unavailable)
rMut   .         NoTele   +     (boots unavailable)
MR     .....                    (no amulet)
Stlth  ++........               (no ring)
                                i - ring of invisibility

@: very slightly contaminated, invisible (expiring), not resistant to hostile
enchantments, unstealthy
A: unfitting armour, claws 3, clarity, deterioration 1, fast metabolism 3,
gourmand, regeneration 2, shaggy fur 1, tough skin 2, acidic bite, jelly sensing
items, subdued magic 1
a: Request Jelly, Jelly Paralyse, Slimify, Cure Bad Mutation, Renounce Religion,
Turn Visible


You were in the Dungeon.
You worshipped Jiyva.
Jiyva was exalted by your worship.
You were not hungry.

You visited 1 branch You collected 228 gold pieces.
You spent 198 gold pieces at shops.

Inventory:

Hand weapons
 a - the +8 halberd "Impbane" {speed, MP+9 Int+2}
   (You found it in the Dungeon)

   Attacks with this weapon are significantly faster.
   It affects your intelligence (+2).
   It affects your magic capacity (+9).
 n - a +0 quarterstaff
Missiles
 k - 14 bolts
Armour
 d - a +1 robe of positive energy (worn)
 o - a +0 robe
Jewellery
 e - an uncursed amulet of clarity
 i - a ring of invisibility (left claw)
Scrolls
 h - a scroll of blinking
 l - a scroll of identify
Potions
 c - a potion of curing
 f - 2 potions of magic
Books
 m - a book of Envenomations

   Spells                             Type                      Level
   a - Spider Form                    Transmutation/Poison         3
   b - Alistair's Intoxication        Transmutation/Poison         4
   c - Olgreb's Toxic Radiance        Poison                       4
   d - Poisonous Cloud                Conjuration/Poison/Air       6
Miscellaneous
 j - a plain deck of defence {the Cloud}
Comestibles
 b - 2 bread rations
 g - a royal jelly


   Skills:
 + Level 10.4 Fighting
 - Level 2.4 Dodging
 - Level 1.1 Stealth
 + Level 17.9 Unarmed Combat
 * Level 4.1 Evocations


You had 8 spell levels left.
You didn't know any spells.

Dungeon Overview and Level Annotations

Branches:
Dungeon (1/1)

Altars:
Cheibriados
Dithmenos
Elyvilon
Gozag
Kikubaaqudgha
Makhleb
Nemelex Xobeh
Okawaru
Qazlal
Ru
Sif Muna
Trog
Vehumet
Xom
Yredelemnul
Zin
The Shining One
Beogh
Jiyva
Lugonu

Shops:
D **=}

Annotations:
D exclusion: 3 oklob plants, Agnes


Innate Abilities, Weirdness & Mutations

You are too large for most types of armour.
You have claws for hands.
Your metabolism is lightning-fast.
You like to eat raw meat.
You heal very quickly.
You are covered in fur (AC +1).
You have very tough skin (AC +2).
You possess an exceptional clarity of mind.
Your body sometimes deteriorates upon taking damage.
You have acidic saliva.
You have a small jelly attached to you that senses nearby items.
Your spells are a little easier to cast, but a little less powerful.


Message History

Marking area around the oklob plant shifter as unsafe for travelling.
An oklob plant shifter comes into view.
A demonic crawler comes into view.
Agnes hits you with a lajatang of speed!!
You flicker for a moment.
Agnes says, "I despise a dishonourable opponent."
Agnes hits you with a lajatang of speed!
You miss Agnes.
Agnes hits you with a lajatang of speed!
You miss Agnes.
Agnes hits you with a lajatang of speed.
You miss Agnes.
Agnes hits you with a lajatang of speed!
Agnes hits you with a lajatang of speed!!
You completely miss Agnes. The demonic crawler hits you.
* * * LOW HITPOINT WARNING * * *
The demonic crawler misses you. The demonic crawler hits you!
* * * LOW HITPOINT WARNING * * *
Agnes hits you with a lajatang of speed!
You die...

##########################
........⌠.#..'...#....##∩#
_._._._._.'..#...#....'..#
._._._._._#..###'##...##∩#
_._._._._.#..##∩∩.'...####
..._....⌠.#############
###############..P...###
♣♣..♣.###.'....i@s...'.+
..♣..♣##..#..#.P....P###
♣♣.♣..###.##'##...P..#
.♣...♣....#♣.♣########
###########... ♣..♣ ....
♣....


You could see Agnes, a demonic crawler, an oklob plant, an oklob plant shifter
(unaware) and an oklob plant summoner (unaware).

Vanquished Creatures
  A spriggan druid (D)
  3 oklob plants (D)
  3 wandering mushrooms (D)
  3 burning bushes (D)
  A queen bee (D)
  2 scorpions (D)
  4 killer bees (D)
  5 oklob saplings (D)
  A worker ant (D)
  2 spriggans (D)
  A river rat (D)
  A rat (D)
  A ballistomycete (D)
28 creatures vanquished.

Vanquished Creatures (others)
  2 jellies (D)
  2 fungi (D)
  A giant spore (D)
5 creatures vanquished.

Grand Total: 33 creatures vanquished

Notes
Turn   | Place    | Note
--------------------------------------------------------------
     0 | D        | Parakulo the Troll Monk began the quest for the Orb.
     0 | D        | Reached XP level 1. HP: 22/22 MP: 0/0
    10 | D        | Reached skill level 5 in Unarmed Combat
    10 | D        | Reached XP level 2. HP: 29/29 MP: 1/1
    24 | D        | Noticed an oklob sapling
    27 | D        | Killed an oklob sapling
    27 | D        | Reached skill level 6 in Unarmed Combat
    27 | D        | Reached XP level 3. HP: 34/37 MP: 2/2
    30 | D        | Noticed a worker ant
    37 | D        | Killed a worker ant
    37 | D        | Reached skill level 7 in Unarmed Combat
    55 | D        | Found a snail-covered altar of Cheibriados.
    55 | D        | Found a glowing silver altar of Zin.
    55 | D        | Found a white marble altar of Elyvilon.
    55 | D        | Found a viscous altar of Jiyva.
    55 | D        | Found a radiant altar of Vehumet.
    55 | D        | Found a deep blue altar of Sif Muna.
    55 | D        | Found an ancient bone altar of Kikubaaqudgha.
    55 | D        | Found a bloodstained altar of Trog.
    55 | D        | Found a corrupted altar of Lugonu.
    55 | D        | Noticed an oklob sapling priest
    56 | D        | Found a burning altar of Makhleb.
    56 | D        | Found a sacrificial altar of Ru.
    57 | D        | Found a glowing golden altar of the Shining One.
    57 | D        | Found a sparkling altar of Nemelex Xobeh.
    58 | D        | Found a shadowy altar of Dithmenos.
   117 | D        | Noticed an oklob sapling
   120 | D        | Killed an oklob sapling
   120 | D        | Reached skill level 8 in Unarmed Combat
   120 | D        | Reached XP level 4. HP: 47/49 MP: 3/3
   133 | D        | Noticed a queen bee
   133 | D        | Noticed a killer bee
   134 | D        | Noticed a killer bee
   138 | D        | Noticed a killer bee
   138 | D        | Noticed a killer bee
   145 | D        | Killed a killer bee
   145 | D        | Reached skill level 9 in Unarmed Combat
   146 | D        | Killed a killer bee
   146 | D        | Reached skill level 5 in Fighting
   146 | D        | Reached XP level 5. HP: 28/57 MP: 4/4
   147 | D        | Killed a killer bee
   147 | D        | Reached skill level 10 in Unarmed Combat
   148 | D        | Killed a killer bee
   148 | D        | Reached skill level 11 in Unarmed Combat
   150 | D        | Killed a queen bee
   150 | D        | Reached skill level 12 in Unarmed Combat
   150 | D        | Reached XP level 6. HP: 28/71 MP: 5/5
   271 | D        | Noticed an oklob plant
   278 | D        | Killed an oklob plant
   278 | D        | Reached skill level 14 in Unarmed Combat
   278 | D        | Reached XP level 7. HP: 78/80 MP: 6/6
   293 | D        | Noticed a burning bush
   301 | D        | Killed a burning bush
   301 | D        | Reached XP level 8. HP: 70/89 MP: 7/7
   313 | D        | Noticed an oklob sapling
   313 | D        | Noticed a burning bush
   313 | D        | Noticed an oklob plant
   334 | D        | Found an iron altar of Okawaru.
   334 | D        | Found a shimmering altar of Xom.
   336 | D        | Found an opulent altar of Gozag.
   337 | D        | Found a roughly hewn altar of Beogh.
   337 | D        | Found a basalt altar of Yredelemnul.
   341 | D        | Killed an oklob sapling priest
   342 | D        | Found a stormy altar of Qazlal.
   479 | D        | Noticed an oklob sapling wizard
   482 | D        | Killed an oklob sapling wizard
   482 | D        | Reached skill level 15 in Unarmed Combat
   487 | D        | Gained mutation: Your spells are a little easier to cast, but a little less powerful. [potion of mutation]
   487 | D        | Gained mutation: You possess an exceptional clarity of mind. [potion of mutation]
   487 | D        | Gained mutation: Your body sometimes deteriorates upon taking damage. [potion of mutation]
   491 | D        | Noticed a scorpion
   497 | D        | Killed a scorpion
   751 | D        | Found Ratejuihio's Assorted Antiques.
   751 | D        | Found Dyelo's Assorted Antiques.
   756 | D        | Bought a glowing robe for 18 gold pieces
   769 | D        | Bought a yellow potion for 24 gold pieces
   769 | D        | Bought a brown potion for 24 gold pieces
   769 | D        | Bought a scroll labeled VUKHLU AGOTEG for 27 gold pieces
   772 | D        | Noticed a burning bush
   772 | D        | Noticed a wandering mushroom
   773 | D        | Noticed a scorpion
   773 | D        | Noticed a wandering mushroom
   777 | D        | Killed a scorpion
   779 | D        | Killed a wandering mushroom
   783 | D        | Killed a burning bush
   783 | D        | Reached skill level 16 in Unarmed Combat
   786 | D        | Killed a wandering mushroom
   888 | D        | Found Edumaopp's Gadget Emporium.
   888 | D        | Found Ganu's Jewellery Shoppe.
   911 | D        | Bought a scroll labeled UMAGAB SECZEKU for 27 gold pieces
   911 | D        | Bought a scroll labeled VUKHLU AGOTEG for 27 gold pieces
   911 | D        | Bought a scroll labeled GOTEIMN SIQI for 27 gold pieces
   911 | D        | Bought a bubbling sapphire potion for 24 gold pieces
   944 | D        | Became a worshipper of Jiyva Jeidokau the Shapeless
   944 | D        | Acquired Jiyva's first power
   944 | D        | Acquired Jiyva's second power
  1000 | D        | Lost mutation: You possess an exceptional clarity of mind. [Jiyva's grace]
  1004 | D        | Acquired Jiyva's third power
  1004 | D        | Gained mutation: You possess an exceptional clarity of mind. [Jiyva's grace]
  1033 | D        | Gained mutation: You have a pair of small horns on your head. [Jiyva's grace]
  1033 | D        | Acquired Jiyva's fourth power
  1096 | D        | Gained mutation: You have acidic saliva. [Jiyva's grace]
  1096 | D        | Lost mutation: You have a pair of small horns on your head. [Jiyva's grace]
  1098 | D        | Gained mutation: You have a small jelly attached to you that senses nearby items. [Jiyva's grace]
  1134 | D        | Noticed a wandering mushroom
  1138 | D        | Killed a burning bush
  1138 | D        | Reached skill level 1 in Evocations
  1138 | D        | Reached XP level 9. HP: 99/101 MP: 5/9
  1147 | D        | Killed an oklob plant
  1147 | D        | Reached skill level 17 in Unarmed Combat
  1150 | D        | Killed an oklob sapling
  1153 | D        | Killed a wandering mushroom
  1153 | D        | Reached skill level 10 in Fighting
  1156 | D        | Got a slimy halberd
  1157 | D        | Identified the +8 halberd "Impbane" {speed, MP+9 Int+2} (You found it in the Dungeon)
  1207 | D        | Noticed an oklob plant conjurer
  1211 | D        | Killed an oklob plant conjurer
  1217 | D        | Noticed an oklob plant
  1219 | D        | Noticed an oklob plant summoner
  1219 | D        | Noticed Agnes
  1241 | D        | Noticed a spriggan druid
  1248 | D        | Killed a spriggan druid
  1351 | D        | Noticed an oklob plant shifter
  1353 | D        | Noticed a demonic crawler
  1358 | D        | Slain by Agnes

Vault maps used:
D:        dungeon_sprint_fedhas

Action                   |  1- 3 |  4- 6 |  7- 9 || total
-------------------------+-------+-------+-------++-------
Melee: Unarmed           |    13 |    16 |    58 ||    87
 Abil: Evoke Invisibilit |       |       |     2 ||     2
  Use: Potion            |       |     1 |     6 ||     7
       Scroll            |       |       |     3 ||     3
 Stab: Sleeping          |     1 |     1 |     2 ||     4
       Invisible         |       |       |     3 ||     3
  Eat: Chunk             |     1 |       |     3 ||     4
       Royal jelly       |       |       |     2 ||     2
